 Dungeon Crawl Stone Soup version 0.14-a0-3329-g86b2fc4 (webtiles) character file.

3019 BluebellGnoll the Carver (level 9, -8/71 HPs)
             Began as a Demonspawn Fighter on Mar 16, 2014.
             Was a Follower of Fedhas.
             Mangled by an orc knight
             ... wielding a +2,+1 halberd of electrocution
              (11 damage)
             ... in a bailey.
             The game lasted 00:43:46 (6581 turns).

BluebellGnoll the Carver (Demonspawn Fighter)       Turns: 6581, Time: 00:43:46

HP  -8/71        AC 15     Str 24      XL: 9   Next: 36%
MP   9/9         EV  6     Int  9      God: Fedhas [*.....]
Gold 359         SH 21     Dex 14      Spells:  0 memorised,  8 levels left

rFire  . . .     SeeInvis .     j - +0 falchion
rCold  . . .     Clarity  .     F - +0 chain mail
rNeg   . . .     Conserve +     c - +0 shield
rPois  .         rCorr    .     r - +1 helmet
rElec  .         rRot     .     (no cloak)
SustAb . .       Spirit   .     e - +0 pair of gloves (curse)
rMut   .         Warding  .     (no boots)
Saprov . . .     Stasis   .     v - amulet of conservation {unknown}
MR     .....                    (no ring)
                                A - +5 ring of strength

@: not resistant to hostile enchantments, extremely unstealthy
A: hooves 1, rugged brown scales 2, powered by death 2, spiny 2
a: Evolution, Renounce Religion


You were in a bailey.
You worshipped Fedhas.
Fedhas was aware of your devotion.
You were hungry.

You visited 2 branches of the dungeon, and saw 8 of its levels.
You also visited: Sewer and Bailey.

You collected 359 gold pieces.

Inventory:

Hand weapons
 j - a +0,+0 falchion (weapon)
 J - a +0 blowgun
Missiles
 u - 34 poisoned needles
 M - 41 tomahawks of returning (quivered)
Armour
 c - a +0 shield (worn)
 e - a cursed +0 pair of gloves (worn)
 r - a +1 helmet (worn)
 F - a +0 chain mail (worn)
Magical devices
 s - a wand of fireball (0)
 w - a wand of paralysis (11)
 x - a wand of polymorph (10) {unknown}
Comestibles
 d - 5 bread rations
 g - 3 meat rations
 H - a pear
 I - a cheese
Scrolls
 f - 5 scrolls of immolation
 k - 2 scrolls of enchant armour
 l - 3 scrolls of identify
 m - a scroll of teleportation
 n - 3 scrolls of remove curse
 o - a scroll of recharging
 y - 5 scrolls of fear
 z - a scroll of fog
 G - a scroll of amnesia
Jewellery
 v - an amulet of conservation (around neck) {unknown}
 A - a +5 ring of strength (left hand)
Potions
 b - 3 potions of flight
 h - 3 potions of restore abilities
 i - 3 potions of curing
 q - a potion of poison {unknown}
 t - 2 potions of heal wounds {unknown}
 B - a potion of invisibility {unknown}
 C - a potion of berserk rage {unknown}
 D - a potion of resistance
 E - 2 potions of might


   Skills:
 - Level 5.1 Fighting
 - Level 8.7 Long Blades
 + Level 1.6 Throwing
 - Level 5.6 Armour
 - Level 5.5 Shields


You had 8 spell levels left.
You didn't know any spells.

Dungeon Overview and Level Annotations

Branches:
Dungeon (7/15)             Temple (1/1) D:6

Altars:
Ashenzari
Elyvilon
Fedhas
Kikubaaqudgha
Sif Muna
Trog
Zin


Innate Abilities, Weirdness & Mutations

You have large cloven feet.
You are mostly covered in rugged brown scales (AC +2, +5% HP).
You can steal the life force of defeated enemies.
You are mostly covered in sharp spines.


Message History

You hit the orc knight but do no damage.
The orc knight is lightly wounded.
The orc knight hits you but does no damage.
You slash the orc knight!
The orc knight is lightly wounded.
You hit the orc knight. Your kick misses the orc knight.
The orc knight is moderately wounded.
The orc knight hits you with a halberd of electrocution.
You completely miss the orc knight. Your kick misses the orc knight.
The orc knight is lightly wounded.
The orc knight hits you with a halberd of electrocution!
You are electrocuted!
* * * LOW HITPOINT WARNING * * *
You are too injured to fight recklessly!
You feel less regenerative.
The orc knight hits you from afar with a halberd of electrocution!
* * * LOW HITPOINT WARNING * * *
You are electrocuted!
You die...
Fedhas appreciates your contribution to the ecosystem.

# #. #g#.# #.###f#
#'##'##' #'##'##f##
#....!# #...()##
###...!.#####....f###
#.'!.⌠..' #.'..⌠..'.#
#...(K# ###.....###
#...(o## ##.....##
#'##'##(###'##'##'##
# ##@'.###.###.#
##### ### ###


You could see an orc knight and a kobold.

Vanquished Creatures
  A necrophage (D:6)
  Edmund (D:4)
  Menkaure (D:4)
  2 ice beasts
  The ghost of 4tharraofdagon the Skirmisher, an average MiFi (D:4)
  2 ogres
  A giant goldfish (D:6)
  2 phantoms (D:4)
  Sigmund (D:4)
  A big kobold (D:6)
  A giant frog (D:6)
  2 electric eels (D:6)
  A centaur zombie (D:6)
  2 jellies
  2 crimson imps
  An orc priest (D:3)
  5 big fish
  5 hounds
  A two-headed ogre zombie (D:6)
  5 worker ants
  4 orc wizards (D:6)
  Ijyb (D:3)
  19 gnolls
  12 adders
  An inept feature mimic (Sewer)
  6 worms
  4 giant mites
  A giant eyeball (D:4)
  4 oozes
  13 orcs
  7 giant cockroaches
  12 goblins
  20 hobgoblins
  18 jackals
  3 quokkas
  5 ball pythons
  22 bats
  5 giant geckos
  5 giant newts
  A jackal zombie (D:6)
  22 kobolds
  A kobold skeleton (D:5)
  An orc zombie (D:6)
  11 rats
236 creatures vanquished.

Vanquished Creatures (others)
  38 toadstools
38 creatures vanquished.

Grand Total: 274 creatures vanquished

Notes
Turn   | Place    | Note
--------------------------------------------------------------
     0 | D:1      | BluebellGnoll, the Demonspawn Fighter, began the quest for the Orb.
     0 | D:1      | Reached XP level 1. HP: 18/18 MP: 1/1
   317 | D:1      | Gained mutation: You can steal the life force of nearby defeated enemies. [demonic ancestry]
   317 | D:1      | Reached XP level 2. HP: 20/24 MP: 2/2
   638 | D:2      | Gained mutation: You have large cloven feet. [demonic ancestry]
   638 | D:2      | Reached XP level 3. HP: 25/29 MP: 3/3
  1451 | D:3      | Gained mutation: You are partially covered in sharp spines. [demonic ancestry]
  1451 | D:3      | Reached XP level 4. HP: 35/35 MP: 4/4
  1455 | D:3      | Reached skill level 4 in Long Blades
  1655 | D:3      | Noticed Ijyb
  1701 | D:3      | Killed Ijyb
  1790 | D:3      | Reached XP level 5. HP: 35/41 MP: 5/5
  1802 | D:3      | Reached skill level 5 in Long Blades
  2041 | D:3      | Gained mutation: You are partially covered in rugged brown scales (AC +1, +3% HP). [demonic ancestry]
  2041 | D:3      | Reached XP level 6. HP: 35/48 MP: 6/6
  2186 | D:3      | Found a white marble altar of Elyvilon.
  2189 | D:3      | Found a glowing silver altar of Zin.
  2588 | D:4      | Noticed 4tharraofdagon's ghost (average MiFi)
  2615 | D:4      | Killed 4tharraofdagon's ghost
  2667 | D:4      | Noticed Sigmund
  2675 | D:4      | Killed Sigmund
  2693 | D:4      | Gained mutation: You are mostly covered in sharp spines. [demonic ancestry]
  2693 | D:4      | Reached XP level 7. HP: 50/53 MP: 7/7
  2697 | D:4      | Noticed Menkaure
  2704 | D:4      | Killed Menkaure
  2704 | D:4      | Reached skill level 5 in Shields
  2710 | D:4      | Found a shattered altar of Ashenzari.
  2714 | D:4      | Noticed Edmund
  2795 | D:4      | Killed Edmund
  3057 | D:4      | Paralysed by a giant eyeball for 3 turns
  3077 | D:4      | Reached skill level 5 in Fighting
  3238 | D:4      | Found a glowing drain.
  3272 | Sewer    | Entered a sewer
  3295 | Sewer    | Gained mutation: You are mostly covered in rugged brown scales (AC +2, +5% HP). [demonic ancestry]
  3295 | Sewer    | Reached XP level 8. HP: 55/65 MP: 8/8
  4177 | D:4      | Found a blossoming altar of Fedhas.
  4177 | D:4      | Found a bloodstained altar of Trog.
  4181 | D:4      | Became a worshipper of Fedhas Madash
  4308 | D:5      | Entered Level 5 of the Dungeon
  4583 | D:5      | Reached skill level 5 in Armour
  4870 | D:5      | Found a deep blue altar of Sif Muna.
  5146 | D:6      | Reached skill level 6 in Long Blades
  5351 | D:6      | Reached skill level 7 in Long Blades
  5448 | D:6      | Found an ancient bone altar of Kikubaaqudgha.
  5514 | D:6      | Gained mutation: You can steal the life force of defeated enemies. [demonic ancestry]
  5514 | D:6      | Reached XP level 9. HP: 33/71 MP: 9/9
  5713 | D:6      | Reached skill level 8 in Long Blades
  6009 | D:6      | Found a staircase to the Ecumenical Temple.
  6015 | Temple   | Entered the Ecumenical Temple
  6353 | D:7      | Found a flagged portal.
  6362 | Bailey   | Entered a bailey
  6456 | Bailey   | Reached skill level 1 in Throwing
  6494 | Bailey   | Acquired Fedhas' first power
  6552 | Bailey   | Noticed an orc knight
  6581 | Bailey   | HP: 3/71 [orc knight/halberd of electrocution (19)]
  6581 | Bailey   | Mangled by an orc knight

Action                   |  1- 3 |  4- 6 |  7- 9 || total
-------------------------+-------+-------+-------++-------
Melee: Long sword        |   134 |   209 |   274 ||   617
       Falchion          |       |       |   323 ||   323
Throw: Dart              |     3 |       |       ||     3
       Tomahawk          |       |       |     9 ||     9
Evoke: Wand              |       |     1 |     4 ||     5
  Use: Potion            |       |     1 |     5 ||     6
       Scroll            |       |       |    12 ||    12
